 Dungeon Crawl Stone Soup version 0.25.0-1-g7eea58d2a3 (webtiles) character file.

Game seed: 6406602276978331246

45 DeadF the Sneak (level 3, -2/14 HPs)
             Began as a Felid Enchanter on June 13, 2020.
             Slain by a worm (12 damage)
             ... on level 3 of the Dungeon on June 14, 2020.
             The game lasted 00:12:58 (5897 turns).

DeadF the Sneak (Felid Enchanter)                   Turns: 5897, Time: 00:12:59

Health: -2/14      AC:  1    Str:  4    XL:     3   Next: 42%
Magic:  7/7        EV: 20    Int: 16    God:
Gold:   114        SH:  0    Dex: 17    Spells: 3/6 levels left
                                        Lives:  0   Deaths: 1

rFire    . . .     SeeInvis +     - Unarmed
rCold    . . .     Gourm    .   (shield unavailable)
rNeg     . . .     Faith    .   (armour unavailable)
rPois    .         Spirit   .   (helmet unavailable)
rElec    .         Reflect  .   (cloak unavailable)
rCorr    .         Harm     .   (gloves unavailable)
MR       .....                  (boots unavailable)
Stlth    ++++......             (no amulet)
HPRegen  0.04/turn              (no ring)
MPRegen  0.10/turn              (no ring)

@: quick
A: very small, no armour, no weapons or thrown items, stealth, claws 1, fangs 3,
see invisible, carnivore, speed 1, shaggy fur 1, slow metabolism 1, sharp paws
a: no special abilities


You were on level 3 of the Dungeon.
You were full.

You visited 1 branch of the dungeon, and saw 3 of its levels.

You collected 114 gold pieces.

Inventory:

Scrolls
 c - 4 scrolls of teleportation {unknown}
 e - a scroll of amnesia {unknown}
 g - 3 scrolls of identify {unknown}
 i - 2 scrolls of blinking {unknown}
Potions
 a - 2 potions of heal wounds
 d - 2 potions of stabbing {unknown}
 f - a potion of curing
 h - a potion of flight {unknown}
 j - a potion of lignification {unknown}
Comestibles
 b - 5 rations


   Skills:
 - Level 0.1 Fighting
 + Level 4.5 Dodging
 + Level 5.9 Stealth
 - Level 1.0 Unarmed Combat
 - Level 2.1 Spellcasting
 - Level 4.6 Hexes


You had 3 spell levels left.
You knew the following spells:

 Your Spells              Type           Power        Failure   Level  Hunger
a - Corona                Hex            ###....      3%          1    #......
b - Ensorcelled Hibernat  Hex/Ice        #.....       12%         2    ###....

Your spell library contained the following spells:

 Spells                   Type           Power        Failure   Level  Hunger
 Confusing Touch          Hex            ###.....     9%          3    ###....
 Tukima's Dance           Hex            ###.....     9%          3    ###....
 Dazzling Flash           Conj/Hex       #.....       24%         3    ###....


Dungeon Overview and Level Annotations

Branches:
Dungeon (3/15)

Altars:
Nemelex Xobeh


Innate Abilities, Weirdness & Mutations

You cannot wear armour.
You are incapable of wielding weapons or throwing items.
Your paws allow you to move quietly. (Stealth)
You have sharp claws.
You have razor-sharp teeth.
You have supernaturally acute eyesight. (SInv)
You are carnivorous and can eat meat at any time.
You cover ground quickly.
You are covered in fur. (AC +1)
You have a slow metabolism.
Your sharp claws are effective at attacking unaware monsters.


Message History

There is a stone staircase leading up here.
d - 2 ruby potions (gained 1)
You see here a ring mail.
A worm comes into view.
A worm is nearby!
A worm is nearby!
You see here a potion of haste.
You pounce on the unaware helpless worm!
You claw the worm! You bite the worm, but do no damage.
The worm is severely wounded.
You barely miss the worm.
The worm is severely wounded.
The worm bites you.
You scratch the worm.
The worm is severely wounded.
You scratch the worm.
The worm is almost dead.
The worm bites you!
Ouch! That really hurt!
You die...

......#####.............#
............[.####.#....#
......######..##........#
#'#...........#......#
#.##.###.#.#.........#
#.##.#.....#.#.......#
#.##.#.#.....#....$..#
#.##....<#####!......#
#.####.### #.@..##.#.#
#.####.# #w#.###.#.#
#......# #.#... ######.#
#.#.### #.# #.#.. ###
#.### #. #.


You could see a worm.

Vanquished Creatures
  2 adders (D:2)
  An ooze (D:2)
  2 worms
  2 dart slugs (D:2)
  A leopard gecko (D:1)
  An orc (D:3)
  4 giant cockroaches (D:1)
  9 hobgoblins
  8 jackals
  A quokka (D:2)
  2 ball pythons (D:1)
  7 bats
  2 frilled lizards
  11 goblins
  3 kobolds
  5 rats
61 creatures vanquished.

Notes
Turn   | Place    | Note
-------+----------+-------------------------------------------
     0 | D:1      | DeadF the Felid Enchanter began the quest for the Orb.
     0 | D:1      | Reached XP level 1. HP: 7/7 MP: 4/4
   601 | D:1      | Reached XP level 2. HP: 11/11 MP: 6/6
   679 | D:1      | Learned a level 2 spell: Ensorcelled Hibernation
  2131 | D:1      | Found a sparkling altar of Nemelex Xobeh.
  2561 | D:2      | Reached XP level 3. HP: 6/14 MP: 1/7
  2661 | D:2      | Reached skill level 5 in Stealth
  3899 | D:2      | Reached XP level 4. HP: 18/18 MP: 4/8
  5851 | D:3      | Killed from afar by an orc priest
  5851 | D:3      | Reached XP level 3. HP: 0/14 MP: 6/7
  5897 | D:3      | Slain by a worm

Illustrated notes

Levels and vault maps discovered:
D:1:      arrival_zaba_pyramid, layout_basic, corexii_item_surrounded_by_moat,
          nemelex_xobeh_ov_fountains_minmay
D:2:      layout_loops_ring, chequers_serial_rivers_marsh
D:3:      layout_basic, lemuel_doored_altar, nicolae_ru_the_path_less_chosen,
          first_ration, uniq_crazy_yiuf_cottage, uniq_sigmund

Skill      XL: |  1  2  3 |
---------------+----------+-----
Dodging        | 3 4 |  4.5
Stealth        | 5 |  5.9
Fighting       | |  0.1
Unarmed Combat | |  1.0
Spellcasting   | |  2.1
Hexes          | |  4.6

Action                   |  1- 3 |  4- 6 || total
-------------------------+-------+-------++-------
Melee: Unarmed           |   158 |    38 ||   196
       Bite              |     6 |     1 ||     7
 Cast: Corona            |     3 |       ||     3
       Ensorcelled Hiber |    40 |    29 ||    69
  Use: Potion            |     3 |       ||     3
 Stab: Sleeping          |    32 |    14 ||    46
  Eat: Chunk             |    18 |     6 ||    24
Armor: Skin              |    14 |     3 ||    17
Dodge: Dodged            |   141 |    29 ||   170
